 Dungeon Crawl Stone Soup version 0.30-a0-557-ge2afbf3030 (webtiles) character file.

Game seed: 650713008771723704

212 jt the Trooper (level 5, -11/34 HPs)
             Began as a Gargoyle Fighter on Dec 27, 2022.
             Was a Priest of Lugonu.
             Mangled by an ogre
             ... wielding a +0 giant club
              (16 damage)
             ... on level 4 of the Dungeon.
             The game lasted 00:04:48 (2154 turns).

jt the Trooper (Gargoyle Fighter)                   Turns: 2154, Time: 00:04:49

Health: -11/34     AC: 14    Str: 21    XL:     5   Next: 90%
Magic:  6/6        EV:  9    Int:  9    God:    Lugonu [***...]
Gold:   109        SH:  4    Dex:  9    Spells: 4/4 levels left

rFire   . . .      SeeInvis .    a - +0 flail
rCold   . . .      Faith    .    c - +0 buckler
rNeg    + . .      Spirit   .    b - +0 scale mail
rPois   ∞          Reflect  .    (no helmet)
rElec   +          Harm     .    o - +2 cloak
rCorr   .          Rampage  .    (no gloves)
Will    .....                    (no boots) Stlth
                                 (no amulet)
HPRegen 0.25/turn                y - ring of wizardry
MPRegen 0.10/turn                (no ring)

@: mighty
A: sickness immunity, AC +4, negative energy resistance 1, electricity
resistance, torment resistance 1, petrification resistance
a: Renounce Religion, Depart the Abyss, Banish


You were on level 4 of the Dungeon.
You worshipped Lugonu.
Lugonu was most pleased with you.
You visited 1 branch of the dungeon, and saw 4 of its levels.

You collected 109 gold pieces.

Inventory:

Hand Weapons
 a - a +0 flail (weapon)
 e - a +0 war axe
Missiles
 g - 16 stones (quivered)
 w - 5 boomerangs
Armour
 b - a +0 scale mail (worn)
 c - a +0 buckler (worn)
 m - a +0 plate armour
 o - a +2 cloak (worn)
Magical Staves
 h - a staff of fire
Jewellery
 y - a ring of wizardry (left hand)
Wands
 x - a wand of charming (9)
Scrolls
 i - a scroll of vulnerability {unknown}
 j - 2 scrolls of identify {unknown}
 k - 2 scrolls of magic mapping {unknown}
 n - a scroll of blinking {unknown}
 q - a scroll of butterflies {unknown}
 t - a scroll of immolation {unknown}
 v - a scroll of teleportation {unknown}
 A - a scroll of noise {unknown}
Potions
 f - 3 potions of curing {unknown}
 l - a potion of brilliance {unknown}
 p - a potion of haste {unknown}
 r - a potion of cancellation {unknown}
 s - a potion of flight {unknown}
 u - a potion of mutation {unknown}


   Skills:
 + Level 4.3 Fighting
 * Level 4.1 Maces & Flails
 - Level 3.2 Armour
 + Level 4.3 Shields
 + Level 2.0 Invocations


You had 4 spell levels left.
You didn't know any spells.
Your spell library contained the following spells:

 Spells                   Type           Power      Damage    Failure   Level
 Apportation              Tloc           0%         N/A       47%         1
 Necrotise                Necr           0%         1d4       47%         1
 Summon Small Mammal      Summ           0%         N/A       47%         1
 Blink                    Tloc           0%         N/A       61%         2
 Momentum Strike          Conj/Tloc      0%         3d8       61%         2
 Lesser Beckoning         Tloc           0%         N/A       83%         3


Dungeon Overview and Level Annotations

Branches:
Dungeon (4/15)
 Temple: D:4-7

Altars:
Yredelemnul
Lugonu


Innate Abilities, Weirdness & Mutations

You are immune to sickness and miasma.
Your stone body is resilient. (AC +4)
You are immune to poison.
You resist negative energy. (rN+)
You are resistant to electric shocks. (rElec)
You are resistant to unholy torment.
You are immune to petrification.


Message History

a +0 dagger; a kobold corpse
Press: ? - help, v - describe, . - travel, g - get item Item here: a club.
The floor.
You are no longer corroded.
You open the door.
There is an open door here.
HP restored.
You hear the slow rusting of a very distant drain.
An ogre comes into view. It is wielding a +0 giant club.
The ogre shouts!
Throw: dart (curare)
Press: ? - help, Shift-Dir - straight line, f - ogre
Aim: an ogre, wielding a +0 giant club (72% to hit)
You throw a curare-tipped dart.
The curare-tipped dart barely misses the ogre.
Throw: 5 boomerangs
Press: ? - help, Shift-Dir - straight line, f/p - ogre
Aim: an ogre, wielding a +0 giant club (72% to hit)
You throw a boomerang. The boomerang barely misses the ogre.
Okay, then.
Press: ? - help, Shift-Dir - straight line, f/p - ogre
Aim: an ogre, wielding a +0 giant club (chance to affect: 80%)
You fail to use your ability.
You feel very mighty all of a sudden.
You barely miss the ogre. The ogre hits you but does no damage.
You hit the ogre.
The ogre is moderately wounded.
The ogre hits you with a +0 giant club!
Ouch! That really hurt!
You are too injured to fight recklessly!
You are too injured to fight recklessly!
You barely miss the ogre.
The ogre is moderately wounded.
The ogre hits you with a +0 giant club!
* * * LOW HITPOINT WARNING * * *
You sock the ogre!
The ogre is severely wounded.
The ogre hits you with a +0 giant club!
You die...

#########
#.......#
####.#.....#
########...@..##
#..........O...+
##.#####......##
#.# #......# #.#
####.#.#
#.########.#(#
#........#.#.#
########.#.#.#
#.#


You could see an ogre.

Vanquished Creatures
  A kobold brigand (D:4)
  A jelly (D:4)
  4 adders
  3 worms
  A dart slug (D:3)
  7 ball pythons
  4 bats
  5 endoplasms
  5 giant cockroaches
  6 goblins
  3 hobgoblins
  3 quokkas
  4 frilled lizards
  10 kobolds
  6 rats
63 creatures vanquished.

Vanquished Creatures (others)
  19 plants (D:3)
19 creatures vanquished.

Grand Total: 82 creatures vanquished

Notes
Turn   | Place    | Note
-------+----------+-------------------------------------------
     0 | D:1      | jt the Gargoyle Fighter began the quest for the Orb.
     0 | D:1      | Reached XP level 1. HP: 14/14 MP: 1/1
    96 | D:1      | Reached XP level 2. HP: 18/19 MP: 2/2
   236 | D:1      | Found a faded altar of an unknown god.
   315 | D:1      | Prayed at the altar of an unknown god.
   315 | D:1      | Became a worshipper of Lugonu the Unformed
   315 | D:1      | Reached * piety under Lugonu
   315 | D:1      | Reached ** piety under Lugonu
   457 | D:1      | Reached XP level 3. HP: 22/23 MP: 3/3
  1053 | D:2      | Reached XP level 4. HP: 29/29 MP: 4/4
  1473 | D:3      | Reached skill level 1 in Invocations
  1504 | D:3      | Found a basalt altar of Yredelemnul.
  1515 | D:3      | Reached *** piety under Lugonu
  1993 | D:4      | Noticed a kobold brigand
  2011 | D:4      | Killed a kobold brigand
  2012 | D:4      | Reached XP level 5. HP: 27/33 MP: 6/6
  2146 | D:4      | Noticed an ogre
  2154 | D:4      | Mangled by an ogre

Illustrated notes

Levels and vault maps discovered:
D:1:      minmay_arrival_hallway, layout_basic,
          hellmonk_ecumenical_altar_crossroads, chequers_serial_rivers_micro_c,
          minmay_pentomino_r4
D:2:      layout_loops_ring, grunt_ministairs_7
D:3:      layout_rooms, yredelemnul_altar_generic, minmay_misc_feat_rugged,
          hangedman_decor_push, serial_bayou_lagoon_a
D:4:      layout_basic, cheibrodos_sewer_entry_bend

Skill      XL: |  1  2  3  4  5 |
---------------+----------------+-----
Maces & Flails | 3 4 |  4.1
Invocations    | 1 2 |  2.0
Fighting       | 4 |  4.3
Shields        | 4 |  4.3
Armour         | |  3.2

Action                   |  1- 3 |  4- 6 || total
-------------------------+-------+-------++-------
Melee: Flail             |   125 |   103 ||   228
Throw: Stone             |     2 |     5 ||     7
       Dart              |       |     1 ||     1
       Boomerang         |       |     1 ||     1
  Use: Potion            |       |     1 ||     1
Armor: Scale mail        |    81 |    56 ||   137
Dodge: Dodged            |    56 |    36 ||    92
Block: Buckler           |    28 |    17 ||    45

Table legend: (Time is in decaauts)
 A = Elapsed time spent in this place.
 B = Non-inter-level travel time spent in this place.
 C = Inter-level travel time spent in this place.
 D = Time resting spent in this place.
 E = Time spent auto-exploring this place.
 F = Levels seen in this place.
 G = Mean time per level.
                   A        B        C        D        E       F      G
               +--------+--------+--------+--------+--------+-----+--------+
         Total |   2232 |   2169 |     63 |     15 |   1339 |   4 |  558.0 |
       Dungeon |   2232 |   2169 |     63 |     15 |   1339 |   4 |  558.0 |
               +--------+--------+--------+--------+--------+-----+--------+

Top non-repeatable levels by time:
     D:1: 753 daAuts
     D:2: 652 daAuts
     D:3: 641 daAuts
     D:4: 184 daAuts
